 Dungeon Crawl Stone Soup version 0.30-a0-778-g2ef04afb54 (webtiles) character file.

Game seed: 12250845004312647193

196 dolemite99 the Trooper (level 6, -1/47 HPs)
             Began as a Djinni Conjurer on Feb 15, 2023.
             Was a Follower of Jiyva.
             Slain by an orc wizard
             ... wielding a +0 dagger
              (4 damage)
             ... on level 3 of the Dungeon.
             The game lasted 00:04:22 (3096 turns).

dolemite99 the Trooper (Djinni Conjurer)            Turns: 3096, Time: 00:04:23

Health: -1/47      AC:  2    Str:  5 (6)  XL:     6   Next: 4%
Gold:   157        EV: 12    Int: 18 (21) God:    Jiyva [*.....] SH:  0 Dex:  9 (12)

rFire   + + +      SeeInvis .    (no weapon)
rCold   . . .      Faith    .    (no shield)
rNeg    . . .      Spirit   .    a - +0 robe
rPois   ∞          Reflect  .    (no helmet)
rElec   +          Harm     .    (no cloak)
rCorr   +          Rampage  .    (no gloves)
Will    .....                    (boots unavailable)
Stlth   +                        (no amulet)
HPRegen 1.07/turn                p - ring of protection from fire
MPRegen 0.00/turn                (no ring)

@: resistant, on berserk cooldown, flying, slowed, very slow
A: sickness immunity, fire resistance 2, cold vulnerability 1, float, innate
caster, HP casting, extra vitality 1
a: Renounce Religion


You were on level 3 of the Dungeon.
You worshipped Jiyva.
Jiyva was aware of your devotion.
You visited 1 branch of the dungeon, and saw 3 of its levels.

You collected 202 gold pieces.
You spent 45 gold pieces at shops.

Inventory:

Hand Weapons
 q - a +0 war axe
Missiles
 j - 3 poisoned darts
Armour
 a - a +0 robe (worn)
 o - a +0 pair of gloves
Jewellery
 m - an amulet of reflection
 p - a ring of protection from fire (left hand)
Scrolls
 c - a scroll of immolation {unknown}
 e - a scroll of teleportation {unknown}
 f - a scroll of blinking {unknown}
 h - 2 scrolls of fog
 k - a scroll of amnesia {unknown}
Potions
 b - a potion of flight
 n - a potion of heal wounds {unknown}
 r - a potion of attraction {unknown}


   Skills:
 * Level 4.3 Fighting
 - Level 2.1 Dodging
 - Level 1.5 Stealth
 + Level 4.0 Spellcasting


You couldn't memorise any spells.
You knew the following spells:

 Your Spells              Type           Power      Damage    Failure   Level
a - Magic Dart            Conj           72%        1d6       2%          1
b - Searing Ray           Conj           36%        2d5       4%          2
c - Dazzling Flash        Conj/Hex       36%        N/A       9%          3
d - Summon Small Mammal   Summ           72%        N/A       2%          1
e - Iskenderun's Mystic   Conj/Tloc      18%        2d6       28%         4
f - Fulminant Prism       Conj/Hex       9%         3d7       28%         4
g - Ensorcelled Hibernat  Hex/Ice        36%        N/A       4%          2
Your spell library was empty.

Dungeon Overview and Level Annotations

Branches:
Dungeon (3/15)

Altars:
Okawaru
Qazlal
Wu Jian
Zin
Jiyva

Shops:
D:1 =   D:2 *

Annotations:
D:3 exclusion: statue


Innate Abilities, Weirdness & Mutations

You are immune to sickness and miasma.
You are immune to poison.
Your flesh is very heat resistant. (rF++)
You are vulnerable to cold. (rC-)
You float through the air rather than walking.
You learn spells naturally, not from books.
Your magical power is your life essence.
You have superior vitality. (+4 MHP)


Message History

* * * LOW HITPOINT WARNING * * *
The orc hits you with a +0 hand axe.
* * * LOW HITPOINT WARNING * * *
Something hits you.
* * * LOW HITPOINT WARNING * * *
The searing ray hits something!
Reactivating autopickup.
You feel a bit more experienced.
* * * LOW HITPOINT WARNING * * *
You finish channelling your searing ray.
You hear some strange, mumbled words.
A puff of flame appears from out of thin air!
Deactivating autopickup; reactivate with Ctrl-A.
The puff of flame hits you. You resist.
* * * LOW HITPOINT WARNING * * *
The orc barely misses you.
You have reached level 6!
It was a potion of berserk rage.
A red film seems to cover your vision as you go berserk!
You feel yourself moving faster!
You feel mighty! The orc closely misses you. Something hits you.
* * * LOW HITPOINT WARNING * * *
You are too berserk!
You feel a strong urge to attack something.
Things that are here:
a +0 dagger; a +0 robe; an orc corpse You feel your anger nearly subside.
You are no longer berserk.
You are exhausted.
You feel yourself slow down. Something hits you.
* * * LOW HITPOINT WARNING * * *
Something hits you.
* * * LOW HITPOINT WARNING * * *
The orc hits you but does no damage. Something hits you but does no damage.
Okay, then.
It was a potion of degeneration.
There was something very wrong with that liquid.
You feel weakened.
You feel dopey.
You feel clumsy. Something hits you.
You die...

##### ....### ......# #######
#.......# .<....## #.....#
#.......# oo.r...# #...).#
#.......# r..oo..### #.....#
#.......# ....#....##
#.....###.......#
#####.....####
#o{....##._..._.##
###oo....###@.....#.........#
#.##.....#......#....⌠....#
#..##...........#.....:...#
#..............#.#.._..._.##
###.[..####...............#
##....# ##..###.......####
##.>...##....o......##....
.'......#............#....
#......#†................


You could see an orc.

Vanquished Creatures
  2 orc wizards (D:3)
  An iguana (D:3)
  3 adders
  5 worms
  A dart slug (D:1)
  5 orcs (D:3)
  7 endoplasms
  2 giant cockroaches
  2 goblins (D:2)
  5 hobgoblins
  3 jackals
  6 kobolds
  5 quokkas
  7 ball pythons
  8 bats
  4 frilled lizards
  9 rats
75 creatures vanquished.

Notes
Turn   | Place    | Note
-------+----------+-------------------------------------------
     0 | D:1      | dolemite99 the Djinni Conjurer began the quest for the Orb.
     0 | D:1      | dolemite99 set off with the following spells memorised:
                  | Magic Dart, Searing Ray, Dazzling Flash, Fulminant Prism,
                  | Iskenderun's Mystic Blast.
     0 | D:1      | Reached XP level 1. HP: 15/15 MP: 0/0
   328 | D:1      | Reached skill level 1 in Fighting
   329 | D:1      | Reached XP level 2. HP: 19/22 MP: 0/0
   555 | D:1      | Found Soamoy's Jewellery Boutique.
   683 | D:1      | Reached XP level 3. HP: 24/28 MP: 0/0
   683 | D:1      | Learned a level 1 spell: Summon Small Mammal
  1553 | D:2      | Reached XP level 4. HP: 30/34 MP: 0/0
  2502 | D:2      | Found Bimiphon's Assorted Antiques.
  2509 | D:2      | Bought a scroll labelled IWKETA UQAOTIW for 24 gold pieces
  2509 | D:2      | Bought a green potion for 21 gold pieces
  2536 | D:2      | Found an ornate altar of the Wu Jian Council.
  2808 | D:3      | Noticed a frost-covered statue
  2867 | D:3      | Found a faded altar of an unknown god.
  2880 | D:3      | Prayed at the altar of an unknown god.
  2880 | D:3      | Became a worshipper of Jiyva Jitunoet the Shapeless
  2880 | D:3      | Reached * piety under Jiyva
  2915 | D:3      | Reached XP level 5. HP: 40/40 MP: 0/0
  2915 | D:3      | Learned a level 2 spell: Ensorcelled Hibernation
  3025 | D:3      | Found a glowing silver altar of Zin.
  3026 | D:3      | Found a stormy altar of Qazlal.
  3026 | D:3      | Found an iron altar of Okawaru.
  3090 | D:3      | Reached XP level 6. HP: 4/47 MP: 0/0
  3094 | D:3      | HP: 2/47 [something (2)]
  3096 | D:3      | Slain by an orc wizard

Illustrated notes

Levels and vault maps discovered:
D:1:      dpeg_arrival_tiny_i, layout_basic, serial_shops, shop,
          minmay_misc_feat_iff, hangedman_abyss_or_decor_lesser_grid
D:2:      layout_loops_corners, serial_shops, shop, basic_altar, st_stairs_11,
          minivault_24, kennysheep_potato
D:3:      layout_rooms, vehumet_statue, grunt_temple_overflow_open,
          chequers_ecumenical_altar_simple_redux, hex_intersection,
          grunt_ministairs_15, chequers_hall_statues_corner_a,
          dreamdust_princess_corridor, st_stairs_4, uniq_crazy_yiuf_cottage

Skill      XL: |  1  2  3  4  5 |
---------------+----------------+-----
Fighting       | 1 2 3 4 |  4.3
Spellcasting   | 4 |  4.0
Dodging        | |  2.1
Stealth        | |  1.5

Action                     |  1- 3 |  4- 6 || total
---------------------------+-------+-------++-------
  Melee: Unarmed           |     2 |     2 ||     4
   Cast: Magic Dart        |    72 |    67 ||   139
         Searing Ray       |     5 |     9 ||    14
         Summon Small Mamm |       |     5 ||     5
    Use: Scroll            |     3 |     1 ||     4
         Potion            |       |     4 ||     4
 Armour: Robe              |     4 |     9 ||    13
  Dodge: Dodged            |     8 |    35 ||    43

Table legend: (Time is in decaauts)
 A = Elapsed time spent in this place.
 B = Non-inter-level travel time spent in this place.
 C = Inter-level travel time spent in this place.
 D = Time resting spent in this place.
 E = Time spent auto-exploring this place.
 F = Levels seen in this place.
 G = Mean time per level.
                   A        B        C        D        E       F      G
               +--------+--------+--------+--------+--------+-----+--------+
         Total |   3095 |   2989 |    106 |   1006 |   1427 |   3 | 1031.7 |
       Dungeon |   3095 |   2989 |    106 |   1006 |   1427 |   3 | 1031.7 |
               +--------+--------+--------+--------+--------+-----+--------+

Top non-repeatable levels by time:
     D:2: 1713 daAuts
     D:1: 1014 daAuts
     D:3: 367 daAuts
